 Dungeon Crawl Stone Soup version 0.24-a0-479-g9a978d2894 (webtiles) character file.

Game seed: 15302839874148186953

0 Gargoyl the Skirmisher (level 1, -13/19 HPs)
             Began as a Centaur Abyssal Knight on July 6, 2019.
             Was a Follower of Lugonu.
             Mangled by a tentacled starspawn (21 damage)
             ... on level 1 of the Abyss.
             The game lasted 00:00:28 (189 turns).

Gargoyl the Skirmisher (Centaur Abyssal Knight)      Turns: 189, Time: 00:00:29

Health: -13/19     AC:  4    Str: 14    XL:     1   Next: 0%
Magic:  2/2        EV:  9    Int: 11    God:    Lugonu [*.....]
Gold:   14         SH:  0    Dex:  8    Spells: 0/0 levels left

rFire    . . .     SeeInvis .   a - +1 hand axe
rCold    . . .     Gourm    .   (no shield)
rNeg     . . .     Faith    .   b - +0 leather armour
rPois    .         Spirit   .   (no helmet)
rElec    .         Reflect  .   (no cloak)
rCorr    .         Harm     .   (no gloves)
MR       .....     Rnd*Rage +   (no barding)
Stlth    ..........             (no amulet)
HPRegen  0.06/turn              (no ring)
MPRegen  0.08/turn              (no ring)

@: very quick
A: large, hooves 3, [berserk 2], [blurry vision 2], deformed body, speed 2,
tough skin 3, [no potion heal 2]
a: Depart the Abyss, Renounce Religion


You were on level 1 of the Abyss.
You worshipped Lugonu.
Lugonu was aware of your devotion.
You were not hungry.

You visited 0 branches of the dungeon, and saw 0 of its levels.
You visited the Abyss 1 time.

You collected 14 gold pieces.

Inventory:

Hand Weapons
 a - a +1 hand axe (weapon)
Armour
 b - a +0 leather armour (worn)
Comestibles
 c - a ration


   Skills:
 + Level 3.0 Fighting
 + Level 1.7 Axes
 + Level 1.3 Armour
 + Level 0.6 Dodging
 + Level 2.0 Invocations


You couldn't memorise any spells.
You didn't know any spells.
Your spell library was empty.

Dungeon Overview and Level Annotations

Branches:
Dungeon (0/15)

Altars:


Innate Abilities, Weirdness & Mutations

You have hooves in place of feet.
Armour fits poorly on your strangely shaped body.
You cover ground very quickly.
You have extremely tough skin. (AC +3)
[You often lose your temper in combat.]
[Scrolls take you longer to read.]
[Potions are poor at restoring your health.]


Message History

You kick the starspawn tentacle, but do no damage.
The starspawn tentacle is lightly damaged.
You hit the starspawn tentacle. The starspawn tentacle grabs you.
The starspawn tentacle constricts you.
Unknown command.
You hit the tentacled starspawn.
The starspawn tentacle loses its grip on you.
The tentacled starspawn is lightly damaged.
You hit the starspawn tentacle. The starspawn tentacle grabs you.
The starspawn tentacle constricts you.
The wretched star pulses with an eldritch light!
Your vision blurs. x2
Unknown command.
You hit the tentacled starspawn but do no damage.
The starspawn tentacle loses its grip on you.
The tentacled starspawn is lightly damaged.
You hit the starspawn tentacle but do no damage.
The tentacled starspawn bites you!!
Ouch! That really hurt!
You die...

# .. .# ##.# ###
#... #
###.####.. .# #
#.#Λ*..# #.. .#
#@Xw\##. . #..#
##w##│#..#.....
#│## w*....# #
<##.##...#....
..─. ..##. ..# X
####### #*..#.
.. w #
*..#......###.#.
# . . #.....# .
#./ .#*#
###........##< #


You could see a tentacled starspawn, a wretched star and 2 starspawn tentacles.

Vanquished Creatures (others)
  7 starspawn tentacles (Abyss:1)
7 creatures vanquished.

Notes
Turn   | Place    | Note
-------+----------+-------------------------------------------
     0 | Abyss:1  | Gargoyl the Centaur Abyssal Knight began the quest for the
                  | Orb.
     0 | Abyss:1  | Reached XP level 1. HP: 19/19 MP: 2/2
   121 | Abyss:1  | Noticed a tentacled starspawn
   146 | Abyss:1  | Noticed a wretched star
   189 | Abyss:1  | Mangled by a tentacled starspawn

Levels and vault maps discovered:
Abyss:1

Action                   || total
-------------------------++-------
Melee: Hand axe          ||     3
       Kick              ||     1
Dodge: Dodged            ||     3

Table legend:
 A = Non-vault XP
 B = Vault XP
 C = Vault XP percentage of total XP
 D = Non-vault monster count
 E = Vault monster count
 F = Vault count percentage of total count
                 A         B        C        D         E       F
            +---------+---------+-------+---------+---------+-------
      Total |       0 |       0 |   N/A |       0 |       0 |  -nan
            +---------+---------+-------+---------+---------+-------
            +---------+---------+-------+---------+---------+-------
